 Dungeon Crawl Stone Soup version 0.26-a0-639-g72c4674329 (webtiles) character file.

Game seed: 2926443437905817038

2377 Flugslaktarn the Chopper (level 9, -1/85 HPs)
             Began as a Deep Dwarf Fighter on Sept 24, 2020.
             Was a Believer of Uskayaw.
             Slain by a raiju (7 damage)
             ... on level 1 of the Abyss.
             The game lasted 00:02:52 (4057 turns).

Flugslaktarn the Chopper (Deep Dwarf Fighter)       Turns: 4057, Time: 00:02:53

Health: -1/85      AC: 15    Str: 23    XL:     9   Next: 21%
Magic:  8/8        EV:  6    Int:  9    God:    Uskayaw [**....]
Gold:   205        SH: 10    Dex: 12    Spells: 8/8 levels left

rFire    . . .     SeeInvis .   i - +2 hand axe (vamp)
rCold    . . .     Faith    .   c - +0 kite shield
rNeg     . . .     Spirit   .   A - +0 chain mail
rPois    .         Reflect  .   p - +2 hat
rElec    .         Harm     +   n - +0 cloak
rCorr    .         Rampage  .   e - +0 pair of gloves
MR       +....                  o - +0 pair of boots of Precision Catastrophes {Harm}
Stlth    ..........             (no amulet)
HPRegen  0.00/turn              (no ring)
MPRegen  0.11/turn              (no ring)

@: mighty, flying, non-regenerating, drained
A: damage resistance, heal wounds, sense surroundings 2, no regeneration
a: Heal Wounds, Stomp, Line Pass, Renounce Religion


You were on level 1 of the Abyss.
You worshipped Uskayaw.
Uskayaw was noncommittal.
You visited 2 branches of the dungeon, and saw 9 of its levels.
You visited the Abyss 1 time.

You collected 205 gold pieces.

Inventory:

Hand Weapons
 a - a +0 war axe
 i - a +2 vampiric hand axe (weapon)
   (You took it off Terence on level 2 of the Dungeon)
Armour
 c - a +0 kite shield (worn)
 e - a +0 pair of gloves (worn)
   (You found it on level 1 of the Dungeon)
 n - a +0 cloak (worn)
   (You found it on level 4 of the Dungeon)
 o - the +0 pair of boots of Precision Catastrophes (worn) {Harm}
   (You found it on level 4 of the Dungeon)

   It increases damage dealt and taken.
 p - a +2 hat (worn)
   (You found it on level 5 of the Dungeon)
 u - a +0 pair of boots
   (You found it on level 6 of the Dungeon)
 A - a +0 chain mail (worn)
   (You found it on level 6 of the Dungeon)
Jewellery
 h - an uncursed ring of poison resistance {unknown}
   (You found it on level 2 of the Dungeon)
Wands
 l - a wand of acid (7)
   (You found it on level 3 of the Dungeon)
Scrolls
 g - 2 scrolls of identify {unknown}
 k - 3 scrolls of enchant armour {unknown}
 q - 2 scrolls of magic mapping {unknown}
 r - 2 scrolls of amnesia {unknown}
 s - a scroll of blinking {unknown}
 t - 2 scrolls of teleportation
 x - 2 scrolls of remove curse
 y - a scroll of immolation
 z - 3 scrolls of summoning {unknown}
Potions
 f - a potion of haste {unknown}
 j - 3 potions of flight
 m - a potion of lignification {unknown}
 v - a potion of curing {unknown}
 w - a potion of heal wounds


   Skills:
 * Level 6.7(5.6) Fighting
 * Level 7.7(6.5) Axes
 + Level 6.1(5.0) Armour
 + Level 6.2(5.0) Shields
 + Level 5.0(3.9) Invocations


You had 8 spell levels left.
You didn't know any spells.
Your spell library was empty.

Dungeon Overview and Level Annotations

Branches:
Dungeon (8/15)             Temple (1/1) D:4
   Lair: D:8-11

Altars:
Ashenzari
Cheibriados
Dithmenos
Elyvilon
Fedhas
Gozag
Hepliaklqana
Makhleb
Nemelex Xobeh
Qazlal
Ru
Trog
Uskayaw
Vehumet
Wu Jian
Xom
Yredelemnul
Zin
The Shining One

Annotations:
D:5 1 runed translucent door, Lanoc's ghost, weakling OpDe
D:8 Psyche


Innate Abilities, Weirdness & Mutations

You are resistant to damage.
You can heal yourself by infusing magical energy.
You passively map the area around you.
You do not regenerate.


Message History

The raiju is moderately wounded.
You barely miss the raiju. You hit the raiju.
You feel better.
You hit the raiju.
You feel better.
The raiju bursts into living lightning!
The living lightning hits you!
The raiju blinks!
You block the raiju's attack. The raiju bites you. The raiju shocks you!
* * * LOW HITPOINT WARNING * * *
You block the raiju's attack.
You are too injured to fight recklessly!
You are too injured to fight recklessly!
You feel much better.
The raiju bursts into living lightning!
The living lightning hits you!!
* * * LOW HITPOINT WARNING * * *
The raiju blinks!
The raiju bites you but does no damage. The raiju bites you!
* * * LOW HITPOINT WARNING * * *
The raiju shocks you!
* * * LOW HITPOINT WARNING * * *
The raiju bites you. The raiju shocks you!
You die...

.§# h....
..!####.§ ..
#....... #.
#..#.#.# .#h
#?.....##..###.
#........##...#
##..h.......##
#....§h.......
#.....@h......
#.....h?....##
#.............#
#..............
#...[..........
#............§#.
...............#
...............#


You could see 4 raiju.

Vanquished Creatures
  Maggie (D:8)
  Grinder (D:3)
  Eustachio (D:5)
  A sky beast (D:7)
  An ice beast (D:5)
  A necrophage (D:5)
  2 black bears (D:7)
  2 ogres
  A centaur (D:7)
  2 bullfrogs (D:7)
  A scorpion (D:8)
  5 wights (D:6)
  A bullfrog zombie (D:5)
  An orc priest (D:5)
  4 hounds
  An iron imp (Abyss:1)
  A jelly (D:6)
  An orc wizard (D:7)
  A gnoll shaman (D:7)
  A bullfrog skeleton (D:5)
  An iguana (D:4)
  Terence (D:2)
  4 worker ants
  A hound zombie (D:6)
  A hound skeleton (D:4)
  A worker ant zombie (D:5)
  A howler monkey skeleton (D:6)
  5 gnolls (D:7)
  7 adders
  3 shadow imps
  A white imp (D:5)
  An adder skeleton (D:6)
  5 worms
  A dart slug (D:5)
  3 leopard geckos
  9 orcs
  A bat (D:2)
  6 giant cockroaches
  A goblin (D:3)
  A hobgoblin (D:5)
  A kobold (D:3)
  2 quokkas
  3 frilled lizards
  2 jackal zombies
  6 rats
98 creatures vanquished.

Notes
Turn   | Place    | Note
-------+----------+-------------------------------------------
     0 | D:1      | Flugslaktarn the Deep Dwarf Fighter began the quest for the
                  | Orb.
     0 | D:1      | Reached XP level 1. HP: 20/20 MP: 1/1
   155 | D:2      | Reached XP level 2. HP: 22/27 MP: 2/2
   191 | D:2      | Noticed Terence
   206 | D:2      | Killed Terence
   206 | D:2      | Reached skill level 3 in Axes
   206 | D:2      | Reached XP level 3. HP: 22/34 MP: 3/3
   279 | D:3      | Found a hazy altar of Hepliaklqana.
   375 | D:3      | Noticed Grinder
   383 | D:3      | Paralysed by Grinder for 3 turns
   388 | D:3      | Paralysed by Grinder for 5 turns
   392 | D:3      | HP: 1/34 [Grinder (5)]
   395 | D:3      | Paralysed by Grinder for 3 turns
   403 | D:3      | Killed Grinder
   403 | D:3      | Reached skill level 4 in Axes
   403 | D:3      | Reached XP level 4. HP: 30/44 MP: 3/3
   403 | D:3      | Reached XP level 5. HP: 34/50 MP: 4/4
   408 | D:3      | Found a bloodstained altar of Trog.
   595 | D:4      | Reached XP level 6. HP: 48/57 MP: 5/5
   650 | D:4      | Found a glowing silver altar of Zin.
   662 | D:4      | Found a staircase to the Ecumenical Temple.
   687 | Temple   | Entered the Ecumenical Temple
   807 | Temple   | Became a worshipper of Uskayaw the Reveler
   973 | D:4      | Got a pair of twisted boots
   979 | D:4      | Identified the +0 pair of boots of Precision Catastrophes
                  | {Harm} (You found it on level 4 of the Dungeon)
  1011 | D:4      | Reached * piety under Uskayaw
  1016 | D:4      | Reached ** piety under Uskayaw
  1103 | D:4      | Reached *** piety under Uskayaw
  1620 | D:5      | Entered Level 5 of the Dungeon
  1688 | D:5      | Reached skill level 1 in Invocations
  1832 | D:5      | Reached skill level 5 in Axes
  1848 | D:5      | Noticed Eustachio
  1855 | D:5      | Reached XP level 7. HP: 66/66 MP: 7/7
  1881 | D:5      | Killed Eustachio
  1895 | D:5      | Reached skill level 5 in Fighting
  1911 | D:5      | Reached **** piety under Uskayaw
  1924 | D:5      | Reached skill level 5 in Armour
  1924 | D:5      | Reached skill level 5 in Shields
  2036 | D:5      | Found a sparkling altar of Nemelex Xobeh.
  2107 | D:5      | Reached XP level 8. HP: 75/75 MP: 9/9
  2111 | D:5      | Found a runed translucent door.
  2111 | D:5      | Noticed Lanoc's ghost (weakling OpDe)
  2117 | D:5      | Found a radiant altar of Vehumet.
  2232 | D:5      | Found an ornate altar of the Wu Jian Council.
  2300 | D:5      | Reached skill level 6 in Axes
  2321 | D:5      | Found a sacrificial altar of Ru.
  2321 | D:5      | Found an opulent altar of Gozag.
  2322 | D:5      | Found a shadowy altar of Dithmenos.
  2903 | D:6      | Reached ***** piety under Uskayaw
  3307 | D:7      | Found a shattered altar of Ashenzari.
  3365 | D:7      | Reached skill level 7 in Axes
  3736 | D:7      | Gained mutation: You passively map the area around you.
                  | [Deep Dwarf growth]
  3736 | D:7      | Reached XP level 9. HP: 85/85 MP: 11/11
  3892 | D:8      | Noticed Maggie
  3937 | D:8      | Killed Maggie
  3937 | D:8      | Reached skill level 5 in Invocations
  4007 | D:8      | Noticed Psyche
  4026 | D:8      | Cast into level 1 of the Abyss (Psyche)
  4026 | Abyss:1  | Found a corrupted altar of Lugonu.
  4053 | Abyss:1  | HP: 2/85 [raiju/living lightning (28)]
  4057 | Abyss:1  | Slain by a raiju

Illustrated notes

Levels and vault maps discovered:
D:1:      saegor_arrival_simple_b, layout_basic, feat_on_display
D:2:      layout_rooms, old_standard_altar, uniq_crazy_yiuf_cottage,
          uniq_terence
D:3:      layout_loops_ring, overflow_temple_1_default, lemuel_doored_altar,
          gup_sewer_entry_bowl, grunt_ministairs_8, nemelex_dance_club_becter,
          uniq_grinder
D:4:      layout_basic, nicolae_overflow_hidden_temple,
          minmay_temple_entry_arrows, kennysheep_generic_room_8
D:5:      layout_cave_pods, lemuel_coloured_pillars_altar,
          nemelex_xobeh_ov_fountains_minmay, gammafunk_temple_overflow_claw,
          vehumet_altar_wand_db, ebering_ghost_inner_flame, uniq_eustachio
D:6:      layout_loops_ring
D:7:      layout_loops_ring, nicolae_ashenzari_panopticon
D:8:      layout_cave_pods, kennysheep_mini, minmay_shop_chei,
          kennysheep_okawaru_gauntlet, uniq_erica, uniq_psyche, uniq_maggie,
          uniq_grum
Temple:   nicolae_temple_figure_zero
Abyss:1:  base:
D:11

Skill      XL: |  1  2  3  4  5  6  7  8  9 |
---------------+----------------------------+-----
Fighting       | 3 4 5 6 |  6.7
Axes           | 3 4 5 7 |  7.7
Armour         | 4 5 6 |  6.1
Shields        | 4 5 6 |  6.2
Invocations    | 1 3 4 5 |  5.0

Action                   |  1- 3 |  4- 6 |  7- 9 || total
-------------------------+-------+-------+-------++-------
Melee: War axe           |    43 |       |       ||    43
       Hand axe          |    36 |   121 |   322 ||   479
 Abil: Heal Wounds       |     1 |       |     8 ||     9
  Use: Scroll            |       |     2 |       ||     2
       Potion            |       |       |     4 ||     4
 Stab: Paralysed         |       |     1 |    13 ||    14
Armor: Scale mail        |    32 |    56 |    80 ||   168
       Chain mail        |       |       |   107 ||   107
Dodge: Dodged            |    26 |    33 |    90 ||   149
Block: Kite shield       |    34 |    44 |   150 ||   228

Table legend: (Time is in decaauts)
 A = Elapsed time spent in this place.
 B = Non-inter-level travel time spent in this place.
 C = Inter-level travel time spent in this place.
 D = Time resting spent in this place.
 E = Time spent auto-exploring this place.
 F = Levels seen in this place.
 G = Mean time per level.
                   A        B        C        D        E       F      G
               +--------+--------+--------+--------+--------+-----+--------+
         Total |   4130 |   3790 |    340 |      0 |   2792 |  10 |  413.0 |
       Dungeon |   3966 |   3648 |    318 |      0 |   2685 |   8 |  495.8 |
        Temple |    132 |    110 |     22 |      0 |    107 |   1 |  132.0 |
         Abyss |     31 |     31 |      0 |      0 |      0 |   1 |   31.0 |
               +--------+--------+--------+--------+--------+-----+--------+

Top non-repeatable levels by time:
     D:4: 906 daAuts
     D:5: 866 daAuts
     D:7: 779 daAuts
     D:6: 671 daAuts
     D:3: 389 daAuts
     D:2: 140 daAuts
  Temple: 132 daAuts
     D:8: 122 daAuts
     D:1: 92 daAuts
 Abyss:1: 31 daAuts
